 Dungeon Crawl Stone Soup version 0.28-a0-664-gc179e30c89 (webtiles) character file.

Game seed: 14274105113995884941

2326 KristoblXynda the Slicer (level 9, -3/57 HPs)
             Began as a Kobold Gladiator on Oct 15, 2021.
             Slain by an ogre (14 damage)
             ... on level 6 of the Dungeon.
             The game lasted 00:05:50 (6824 turns).

KristoblXynda the Slicer (Kobold Gladiator)         Turns: 6824, Time: 00:05:51

Health: -3/57      AC: 10    Str: 14    XL:     9   Next: 69%
Magic:  9/9        EV: 18    Int: 10    God:
Gold:   87         SH:  0    Dex: 16    Spells: 8/8 levels left

rFire   . . .      SeeInvis .   a - +0 rapier
rCold   . . .      Faith    .   (shield restricted)
rNeg    . . .      Spirit   .   b - +0 leather armour
rPois   .          Reflect  .   r - +2 hat
rElec   .          Harm     .   v - +1 cloak
rCorr   +          Rampage  .   (no gloves)
Will    .....                   (no boots)
Stlth   +++++.....              (no amulet)
HPRegen 0.19/turn               h - ring of resist corrosion
MPRegen 0.11/turn               (no ring)

@: no status effects
A: small, no large weapons, nightstalker 3, talons 1, iridescent scales 1,
shaggy fur 1, wild magic 1
a: no special abilities


You were on level 6 of the Dungeon.
You visited 1 branch of the dungeon, and saw 6 of its levels.

You collected 199 gold pieces.
You spent 112 gold pieces at shops.

Inventory:

Hand Weapons
 a - a +0 rapier (weapon)
Armour
 b - a +0 leather armour (worn)
 k - a +1 chain mail of willpower
 r - a +2 hat (worn)
 s - a +0 buckler
 v - a +1 cloak (worn)
Jewellery
 h - a ring of resist corrosion (left hand)
Wands
 i - a wand of paralysis (5)
 o - a wand of iceblast (7)
 y - a wand of flame (13)
Scrolls
 c - a scroll of fear {unknown}
 e - a scroll of identify
 j - 2 scrolls of enchant armour
 l - a scroll of magic mapping
 n - a scroll of teleportation {unknown}
 p - 2 scrolls of enchant weapon {unknown}
 w - 2 scrolls of amnesia
Potions
 d - a potion of lignification {unknown}
 f - 2 potions of haste {unknown}
 m - 2 potions of heal wounds
 q - a potion of flight
 t - a potion of curing
 u - 2 potions of mutation
 x - a potion of invisibility {unknown}


   Skills:
 + Level 7.1 Fighting
 + Level 9.0 Short Blades
 - Level 2.1 Throwing
 + Level 8.2 Dodging
 + Level 8.6 Stealth


You had 8 spell levels left.
You didn't know any spells.
Your spell library contained the following spells:

 Spells                   Type           Power      Damage    Failure   Level
 Animate Skeleton         Necr           0%         N/A       52%         1
 Apportation              Tloc           0%         N/A       52%         1
 Pain                     Necr           0%         1d4       52%         1
 Summon Small Mammal      Summ           0%         N/A       52%         1
 Ignite Poison            Fire/Tmut/Pois 0%         N/A       87%         3
 Mephitic Cloud           Conj/Pois/Air  0%         N/A       87%         3
 Vampiric Draining        Necr           0%         2d6       87%         3
 Freezing Cloud           Conj/Ice/Air   0%         6-21      100%        5


Dungeon Overview and Level Annotations

Branches:
Dungeon (6/15)             Temple (0/1) D:4

Altars:

Shops:
D:5 *

Annotations:
D:5 2 runed translucent doors
D:6 1 transporter


Innate Abilities, Weirdness & Mutations

You are small and have problems with some larger weapons.
You are completely attuned to the shadows.
You have sharp toenails.
You are partially covered in iridescent scales. (AC +2)
You are covered in fur. (AC +1)
Your spells are a little harder to cast, but a little more powerful.


Message History

You feel sick. Heedrag's ghost misses you.
You puncture Heedrag's ghost! You claw Heedrag's ghost.
Heedrag's ghost is almost destroyed.
You feel sick. Heedrag's ghost hits you.
You are more poisoned.
You hit Heedrag's ghost but do no damage.
You claw Heedrag's ghost.
You destroy Heedrag's ghost!
You feel very sick.
Your Fighting skill increases to level 7!
Your Short Blades skill increases to level 9!
Your Dodging skill increases to level 8!
You feel very sick.
You see here a +0 giant club.
You start resting.
You feel very sick.
You feel sick. x8
You are no longer poisoned.
You start resting.
You feel a little less mighty now.
You start resting.
HP restored.
Found a transporter.
Things that are here:
a +0 giant club; an ogre corpse You puncture the ogre!
You claw the ogre.
The ogre is heavily wounded.
You hit the ogre.
The ogre is severely wounded.
The ogre hits you with a +5 great mace!!
You hit the ogre.
The ogre is severely wounded.
You hit the ogre. Your kick misses the ogre.
The ogre is almost dead.
The ogre hits you with a +5 great mace!!
* * * LOW HITPOINT WARNING * * *
You barely miss the ogre.
The ogre is almost dead.
The ogre hits you with a +5 great mace!
You die...

####..##.#.###.#.................
........................#######.#
####..##.#.###.#####..#########[#
####..##.#.# #.# #.............
......##.#.# #.# ##.#########.#
##.#..##.#.# #.# #.# #.#
##.#..##.#.# #.# #.# #.#
.......#.#.############# ###
##.##.#....#©..O@©.....#
#..........#..##)..##..#
##.##.#.##.#.#..#.#.)#.#
##.##.#.##.# #..#.#..#.#
##.##.#.##.#..##...##..#
...........#....?$/....##
...........##############
................©.©.....#
#......[................#


You could see an ogre.

Vanquished Creatures
  The ghost of Heedrag the Conjurer, a novice DEFE (D:6)
  Grinder (D:5)
  2 water moccasins
  2 black bears
  2 necrophages
  5 ogres
  A phantom (D:6)
  3 scorpions
  A water moccasin skeleton (D:6)
  A bullfrog zombie (D:5)
  3 hounds
  Crazy Yiuf (D:5)
  2 bullfrog skeletons (D:5)
  An orc priest (D:4)
  A centaur skeleton (D:4)
  A jelly (D:6)
  2 iguanas
  An orc wizard (D:4)
  A hound skeleton (D:5)
  2 adders
  2 shadow imps (D:6)
  A white imp (D:3)
  An ufetubus (D:4)
  An adder zombie (D:5)
  An adder skeleton (D:4)
  A worm (D:2)
  4 dart slugs
  7 orcs
  6 bats
  2 endoplasms
  4 giant cockroaches
  6 goblins
  9 hobgoblins
  4 jackals (D:3)
  8 kobolds
  3 quokkas
  8 ball pythons
  2 frilled lizards (D:1)
  5 rats
109 creatures vanquished.

Notes
Turn   | Place    | Note
-------+----------+-------------------------------------------
     0 | D:1      | KristoblXynda the Kobold Gladiator began the quest for the
                  | Orb.
     0 | D:1      | Reached XP level 1. HP: 12/12 MP: 1/1
   307 | D:1      | Reached skill level 1 in Stealth
   307 | D:1      | Reached XP level 2. HP: 18/18 MP: 2/2
  1051 | D:2      | Reached XP level 3. HP: 22/22 MP: 3/3
  1909 | D:3      | Found a faded altar of an unknown god.
  1943 | D:3      | Reached XP level 4. HP: 16/28 MP: 4/4
  2877 | D:4      | Reached XP level 5. HP: 9/32 MP: 5/5
  2903 | D:4      | Reached skill level 5 in Short Blades
  2904 | D:4      | Gained mutation: Potions are less effective at restoring
                  | your health. [potion of mutation]
  2904 | D:4      | Gained mutation: You have sharp toenails. [potion of
                  | mutation]
  2904 | D:4      | Gained mutation: Your spells are a little harder to cast,
                  | but a little more powerful. [potion of mutation]
  2904 | D:4      | Gained mutation: You are covered in fur. (AC +1) [potion of
                  | mutation]
  3164 | D:4      | Noticed an ogre
  3176 | D:4      | Killed an ogre
  3177 | D:4      | Reached skill level 5 in Dodging
  3177 | D:4      | Reached XP level 6. HP: 38/38 MP: 6/6
  3231 | D:4      | Found a staircase to the Ecumenical Temple.
  3555 | D:4      | Found a sand-covered staircase.
  4104 | D:5      | Entered Level 5 of the Dungeon
  4278 | D:5      | Noticed Grinder
  4297 | D:5      | Killed Grinder
  4298 | D:5      | Reached skill level 6 in Short Blades
  4298 | D:5      | Reached skill level 5 in Stealth
  4298 | D:5      | Reached XP level 7. HP: 19/44 MP: 7/7
  4511 | D:5      | Lost mutation: Potions are less effective at restoring your
                  | health. [potion of mutation]
  4511 | D:5      | Gained mutation: You are partially covered in iridescent
                  | scales. (AC +2) [potion of mutation]
  4535 | D:5      | Found a large runed translucent door.
  4548 | D:5      | Reached skill level 5 in Fighting
  4548 | D:5      | Reached XP level 8. HP: 31/49 MP: 8/8
  4752 | D:5      | Found a large runed translucent door.
  4805 | D:5      | Reached skill level 7 in Short Blades
  4828 | D:5      | Found a runed translucent door.
  4831 | D:5      | Noticed Crazy Yiuf
  5188 | D:5      | Found Biorihekaa's General Store.
  5197 | D:5      | Bought a potion of mutation for 112 gold pieces
  5374 | D:5      | Killed Crazy Yiuf
  5716 | D:6      | Reached XP level 9. HP: 48/55 MP: 9/9
  5914 | D:6      | Reached skill level 8 in Short Blades
  5935 | D:6      | Found a transporter.
  6643 | D:6      | Noticed Heedrag's ghost (novice DEFE)
  6661 | D:6      | Killed Heedrag's ghost
  6662 | D:6      | Reached skill level 9 in Short Blades
  6817 | D:6      | Found a transporter.
  6824 | D:6      | Slain by an ogre

Illustrated notes

Levels and vault maps discovered:
D:1:      dpeg_arrival_radiant, layout_basic, minmay_misc_feat_enclosed
D:2:      layout_loops_ring, serial_aquarium, aquarium_bridge_square
          [aquarium_subvault_wall, aquarium_subvault_wall,
          aquarium_subvault_wall, aquarium_subvault_bridge],
          aquarium_window_fake, aquarium_window_fake, aquarium_view_2d,
          aquarium_balcony_3a
D:3:      layout_basic, ebering_ecumenical_altar_hall,
          chequers_serial_rivers_room_a
D:4:      layout_cave_pods, temple_fountains, enter_ossuary_2,
          skrybe_limestone_x
D:5:      due_chaos_kobolds, layout_basic, serial_shops,
          nicolae_shop_waterfront, uniq_grinder, uniq_crazy_yiuf_cottage
D:6:      layout_basic, gammafunk_ghost_smash

Skill      XL: |  1  2  3  4  5  6  7  8  9 |
---------------+----------------------------+-----
Stealth        | 1 2 3 5 7 8 |  8.6
Dodging        | 4 5 6 7 8 |  8.2
Fighting       | 3 4 5 6 7 |  7.1
Short Blades   | 5 6 7 9 |  9.0
Throwing       | |  2.1

Action                   |  1- 3 |  4- 6 |  7- 9 || total
-------------------------+-------+-------+-------++-------
Melee: Rapier            |   113 |   133 |    85 ||   331
       Kick              |       |    23 |    25 ||    48
Throw: Throwing net      |       |     4 |       ||     4
  Use: Scroll            |       |     4 |     4 ||     8
       Potion            |       |     4 |     2 ||     6
 Stab: Sleeping          |    11 |     9 |    19 ||    39
       Distracted        |       |     1 |       ||     1
Armor: Leather armour    |    27 |    22 |    14 ||    63
Dodge: Dodged            |   104 |    75 |    53 ||   232

Table legend: (Time is in decaauts)
 A = Elapsed time spent in this place.
 B = Non-inter-level travel time spent in this place.
 C = Inter-level travel time spent in this place.
 D = Time resting spent in this place.
 E = Time spent auto-exploring this place.
 F = Levels seen in this place.
 G = Mean time per level.
                   A        B        C        D        E       F      G
               +--------+--------+--------+--------+--------+-----+--------+
         Total |   6798 |   6598 |    200 |    545 |   5204 |   6 | 1133.0 |
       Dungeon |   6798 |   6598 |    200 |    545 |   5204 |   6 | 1133.0 |
               +--------+--------+--------+--------+--------+-----+--------+

Top non-repeatable levels by time:
     D:5: 1390 daAuts
     D:6: 1311 daAuts
     D:4: 1307 daAuts
     D:3: 1060 daAuts
     D:1: 1022 daAuts
     D:2: 704 daAuts
